 Dungeon Crawl Stone Soup version 0.28.0-53-g5a82cb258f (webtiles) character file.

Game seed: 1654760577422583780

156 bnorton916 the Magician (level 5, -3/28 HPs)
             Began as a Deep Elf Fire Elementalist on June 2, 2022.
             Slain by an orc
             ... wielding a +0 hand axe
              (6 damage)
             ... on level 4 of the Dungeon.
             The game lasted 00:02:47 (2914 turns).

bnorton916 the Magician (DEFE)                      Turns: 2914, Time: 00:02:48

Health: -3/28      AC:  3    Str:  5    XL:     5   Next: 14%
Magic:  13/14      EV: 12    Int: 22    God:
Gold:   79         SH:  0    Dex: 15    Spells: 12/13 levels left

rFire   + . .      SeeInvis .   d - +2 whip (elec)
rCold   + . .      Faith    .   (no shield)
rNeg    . . .      Spirit   .   a - +0 robe
rPois   +          Reflect  .   (no helmet)
rElec   +          Harm     .   h - +0 cloak
rCorr   +          Rampage  .   (no gloves)
Will    .....                   (no boots)
Stlth   ++........              (no amulet)
HPRegen 0.09/turn               n - ring of resist corrosion
MPRegen 0.14/turn               (no ring)

@: resistant, attractive, hasted, very quick
A: no striking features
a: no special abilities


You were on level 4 of the Dungeon.
You visited 1 branch of the dungeon, and saw 4 of its levels.

You collected 79 gold pieces.

Inventory:

Hand Weapons
 d - a +2 whip of electrocution (weapon)
Missiles
 b - 70 stones
Armour
 a - a +0 robe (worn)
 h - a +0 cloak (worn)
Jewellery
 n - a ring of resist corrosion (left hand)
 q - a ring of willpower
Scrolls
 e - 3 scrolls of holy word {unknown}
 f - a scroll of blinking {unknown}
 g - a scroll of amnesia {unknown}
 i - 3 scrolls of teleportation {unknown}
 j - 2 scrolls of identify {unknown}
 l - a scroll of acquirement {unknown}
 o - a scroll of immolation
 p - a scroll of magic mapping {unknown}
 r - a scroll of fog {unknown}


   Skills:
 - Level 2.4 Dodging
 - Level 2.4 Stealth
 + Level 4.9 Spellcasting
 + Level 3.1 Conjurations
 + Level 4.6 Fire Magic


You had 12 spell levels left.
You knew the following spells:

 Your Spells              Type           Power      Damage    Failure   Level
a - Foxfire               Conj/Fire      88%        2x1d8     1%          1

Your spell library contained the following spells:

 Spells                   Type           Power      Damage    Failure   Level
 Scorch                   Fire           50%        2d8       2%          2
 Conjure Flame            Conj/Fire      22%        6-21      6%          3
 Inner Flame              Hex/Fire       15%        N/A       12%         3
 Corpse Rot               Necr/Air       10%        N/A       16%         2
 Flame Wave               Conj/Fire      22%        2d7       21%         4
 Dispel Undead            Necr           5%         3d7       71%         4
 Death Channel            Necr           2%         N/A       100%        6


Dungeon Overview and Level Annotations

Branches:
Dungeon (4/15)
 Temple: D:4-7

Altars:
Yredelemnul


Message History

You hit the orc.
The orc is severely wounded.
The orc hits you with a +0 dagger. The orc hits you with a +0 club.
You closely miss the orc.
The orc is severely wounded.
The orc closely misses you. The orc barely misses you.
You hit the orc.
You kill the orc!
The kobold closely misses you. The orc hits you but does no damage.
The kobold hits you but does no damage.
Things that are here:
a +0 dagger; a +0 leather armour; an orc corpse A kobold comes into view.
It is wielding a +0 dagger.
The orc hits you with a +0 hand axe.
The kobold shouts!
You hit the orc.
The orc is moderately wounded.
An orc comes into view.
It is wielding a +2 trident of distortion.
The orc hits you but does no damage. x2
An orc comes into view. It is wielding a +0 dagger.
The orc shouts!
You hit the orc.
The orc is severely wounded.
The orc closely misses you. The orc completely misses you.
The orc hits you from afar with a +2 trident of distortion!
Space warps around you.
* * * LOW HITPOINT WARNING * * *
Okay, then.
It was a potion of haste.
You feel yourself speed up. The orc hits you with a +0 hand axe.
* * * LOW HITPOINT WARNING * * *
The orc hits you with a +0 club.
* * * LOW HITPOINT WARNING * * *
The orc closely misses you.
It was a potion of resistance.
You feel protected.
It was a potion of attraction.
You feel attractive to monsters. The orc barely misses you.
The orc hits you with a +0 hand axe.
You die...

...# #..#
#..# #..###
##....# #
#..##.# .
#K###.)......
#. #o#
####K.... #.
#@# ....
#.###o### ...
#...Koo.#...
..
##........# .
#.<.....##
#......##
#......#
#......#
#......#


You could see 4 orcs and 2 kobolds.

Vanquished Creatures
  A jelly (D:4)
  An orc wizard (D:3)
  3 adders
  A worm (D:2)
  2 dart slugs (D:2)
  5 orcs
  8 ball pythons
  5 bats
  7 endoplasms
  A giant cockroach (D:1)
  A hobgoblin (D:3)
  6 jackals
  2 quokkas
  6 frilled lizards
  5 goblins
  3 kobolds
  4 rats
61 creatures vanquished.

Vanquished Creatures (others)
  268 foxfires
268 creatures vanquished.

Grand Total: 329 creatures vanquished

Notes
Turn   | Place    | Note
-------+----------+-------------------------------------------
     0 | D:1      | bnorton916 the Deep Elf Fire Elementalist began the quest
                  | for the Orb.
     0 | D:1      | Reached XP level 1. HP: 10/10 MP: 6/6
   503 | D:1      | Reached XP level 2. HP: 15/15 MP: 5/8
   872 | D:2      | Found a basalt altar of Yredelemnul.
  1260 | D:2      | Reached XP level 3. HP: 19/19 MP: 6/10
  1347 | D:2      | Found a faded altar of an unknown god.
  2088 | D:3      | Reached XP level 4. HP: 24/24 MP: 10/12
  2866 | D:4      | Reached XP level 5. HP: 28/28 MP: 11/14
  2914 | D:4      | Slain by an orc

Illustrated notes

Levels and vault maps discovered:
D:1:      evilmike_arrival_hilbert_curve, layout_rooms
D:2:      layout_basic, basic_altar, hellmonk_ecumenical_altar_blasted
D:3:      layout_rooms
D:4:      layout_rooms, dk_noncrumbling_4, uniq_eustachio, uniq_blork_the_orc,
          uniq_grinder, uniq_crazy_yiuf_cottage

Skill      XL: |  1  2  3  4 |
---------------+-------------+-----
Conjurations   | 2 3 |  3.1
Spellcasting   | 4 |  4.9
Fire Magic     | 4 |  4.6
Dodging        | |  2.4
Stealth        | |  2.4

Action                   |  1- 3 |  4- 6 || total
-------------------------+-------+-------++-------
Melee: Whip              |    12 |    10 ||    22
 Cast: Foxfire           |   115 |    49 ||   164
  Use: Potion            |       |     3 ||     3
Armor: Robe              |     3 |     6 ||     9
Dodge: Dodged            |    17 |    15 ||    32
